 Dungeon Crawl Stone Soup version 0.28-a0-397-g1a7b1a870f (webtiles) character file.

Game seed: 10079914464967173131

147 Alado the Conjurer (level 5, -7/40 HPs)
             Began as a Draconian Conjurer on Sept 4, 2021.
             Mangled by Sigmund (12 damage)
             ... on level 3 of the Dungeon.
             The game lasted 00:21:16 (2600 turns).

Alado the Conjurer (Draconian Conjurer)             Turns: 2600, Time: 00:21:16

Health: -7/40      AC:  5    Str:  9    XL:     5   Next: 7%
Magic:  11/18      EV: 12    Int: 19    God:
Gold:   151        SH:  0    Dex: 10    Spells: 4/9 levels left

rFire   . . .      SeeInvis .   c - +1 morningstar (freeze)
rCold   . . .      Faith    .   (no shield)
rNeg    . . .      Spirit   .   (armour unavailable)
rPois   .          Reflect  .   (helmet restricted)
rElec   .          Harm     .   (no cloak)
rCorr   .          Rampage  .   (no gloves)
Will    .....                   (no boots)
Stlth   ++........              (no amulet)
HPRegen 0.13/turn               b - ring of magical power
MPRegen 0.16/turn               (no ring)

@: no status effects
A: AC +5, unfitting armour, cold-blooded
a: no special abilities


You were on level 3 of the Dungeon.
You visited 1 branch of the dungeon, and saw 3 of its levels.

You collected 151 gold pieces.

Inventory:

Hand Weapons
 a - a +0 long sword
 c - a +1 morningstar of freezing (weapon)
Jewellery
 b - a ring of magical power (left hand)
Scrolls
 d - a scroll of identify


   Skills:
 + Level 1.1 Fighting
 + Level 0.3 Long Blades
 + Level 0.7 Maces & Flails
 + Level 2.2 Dodging
 + Level 2.1 Stealth
 + Level 2.9 Spellcasting
 + Level 5.2 Conjurations


You had 4 spell levels left.
You knew the following spells:

 Your Spells              Type           Power      Damage    Failure   Level
a - Magic Dart            Conj           88%        1d7       1%          1
b - Searing Ray           Conj           44%        3d4       2%          2
c - Call Imp              Summ           2%         N/A       24%         2

Your spell library contained the following spells:

 Spells                   Type           Power      Damage    Failure   Level
 Dazzling Flash           Conj/Hex       24%        N/A       16%         3
 Fulminant Prism          Conj/Hex       6%         3d7       45%         4
 Iskenderun's Mystic Bla  Conj/Tloc      12%        2d5       45%         4
 Summon Ice Beast         Ice/Summ       2%         N/A       83%         4
 Summon Lightning Spire   Summ/Air       2%         N/A       83%         4
 Summon Mana Viper        Hex/Summ       2%         N/A       99%         5
 Starburst                Conj/Fire      6%         6d4       100%        6
 Animate Armour           Summ/Erth      Unusable   N/A       N/A         4

Dungeon Overview and Level Annotations

Branches:
Dungeon (3/15)

Altars:
Dithmenos
Fedhas
Nemelex Xobeh
Yredelemnul

Shops:
D:3 (

Annotations:
D:3 Sigmund


Innate Abilities, Weirdness & Mutations

Your plain brown scales are hard. (AC +5)
You cannot fit into any form of body armour.
You are cold-blooded and may be slowed by cold attacks.


Message History

Confirm with . or Enter, or press ? or * to list all spells.
Aiming: Searing Ray (safe; 2% risk of failure)
Press: ? - help, Shift-Dir - straight line, f/p - Sigmund
Aim: Sigmund, wielding a +0 scythe and wearing a +0 robe (lightly wounded, 75% to hit)
The searing ray hits Sigmund.
Sigmund is moderately wounded.
The searing ray hits the quokka!
You kill the quokka! (Press . to maintain the ray.) Sigmund mumbles some strange words.
Sigmund flickers and vanishes!
Deactivating autopickup; reactivate with Ctrl-A.
Your magical contamination has completely faded away.
The searing ray hits something.
The searing ray hits something!
You hear some strange, mumbled words.
Something tries to affect you, but you resist.
You finish channelling your searing ray.
Something hits you! Something hits you!
Casting: Searing Ray (safe; 2% risk of failure)
Confirm with . or Enter, or press ? or * to list all spells.
You can't see any susceptible monsters within range! (Use Z to cast anyway.)
A magic dart appears from out of thin air!
The magic dart hits you.
Casting: Searing Ray (safe; 2% risk of failure)
Confirm with . or Enter, or press ? or * to list all spells.
Okay, then.
Something hits you!
* * * LOW HITPOINT WARNING * * *
You feel better. Something hits you!
* * * LOW HITPOINT WARNING * * *
You barely miss something. You tail-slap something.
Your crimson imp barely misses something. x2
You hear some strange, mumbled words.
Something tries to affect you, but you resist.
You closely miss something.
Your crimson imp hits something but does no damage.
Something hits you!
You die...

...##### #. .....
#.##...###.## .. .
#.#.8)8.# .<# ...#
#.#.._..# ... .#.#
#.#...8.# #.# †..
#.#'...####.# ##.#
...#####..#.## #5.#
.⌠...........####{##
...#####.###.##.@.#
#.#'...###....#'#.#
#.#...8.##.####.###
#.#.._..##†###...##
#.#.8.8.#.†##.....####
#.##...##.†....♣.....#
...######..###...###.#
..## ##.# #...#.#.#
.## #.# #.>.#..)#


You could see a friendly crimson imp (summoned).

Vanquished Creatures
  Jessica (D:3)
  Robin (D:2)
  2 adders (D:2)
  3 worms
  3 dart slugs
  2 orcs (D:3)
  6 bats
  3 endoplasms (D:1)
  3 giant cockroaches
  9 goblins
  9 hobgoblins
  4 jackals (D:3)
  5 quokkas
  2 ball pythons
  5 frilled lizards
  6 kobolds
  6 rats
70 creatures vanquished.

Notes
Turn   | Place    | Note
-------+----------+-------------------------------------------
     0 | D:1      | Alado the Draconian Conjurer began the quest for the Orb.
     0 | D:1      | Reached XP level 1. HP: 14/14 MP: 3/3
   123 | D:1      | Reached XP level 2. HP: 8/20 MP: 0/5
   230 | D:1      | Learned a level 2 spell: Searing Ray
   649 | D:1      | Got the Disquisition on Calling
  1032 | D:1      | Reached XP level 3. HP: 27/27 MP: 6/6
  1330 | D:2      | Reached skill level 5 in Conjurations
  1351 | D:2      | Learned a level 2 spell: Call Imp
  1613 | D:2      | Noticed Robin
  1618 | D:2      | Killed Robin
  1619 | D:2      | Reached XP level 4. HP: 34/34 MP: 6/7
  1820 | D:2      | Found a faded altar of an unknown god.
  2090 | D:3      | Found Leatau's Antique Weapon Emporium.
  2200 | D:3      | Found a basalt altar of Yredelemnul.
  2209 | D:3      | Found a shadowy altar of Dithmenos.
  2209 | D:3      | Noticed Jessica
  2214 | D:3      | Killed Jessica
  2215 | D:3      | Reached skill level 1 in Fighting
  2344 | D:3      | Found a sparkling altar of Nemelex Xobeh.
  2347 | D:3      | Found a blossoming altar of Fedhas.
  2422 | D:3      | Reached XP level 5. HP: 40/40 MP: 9/9
  2581 | D:3      | Noticed Sigmund
  2600 | D:3      | Mangled by Sigmund

Illustrated notes

Levels and vault maps discovered:
D:1:      dpeg_arrival_radiant, layout_rooms, corexii_leaking_fountain
D:2:      minmay_general_purpose_star, layout_rooms,
          hellmonk_ecumenical_altar_crossroads, uniq_robin
D:3:      layout_rooms, grunt_temple_overflow_cloverleaf, serial_shops, shop,
          grunt_ministairs_15, uniq_sigmund, uniq_jessica

Skill      XL: |  1  2  3  4 |
---------------+-------------+-----
Conjurations   | 5 |  5.2
Dodging        | 2 |  2.2
Fighting       | 1 |  1.1
Stealth        | 2 |  2.1
Long Blades    | |  0.3
Maces & Flails | |  0.7
Spellcasting   | |  2.9

Action                   |  1- 3 |  4- 6 || total
-------------------------+-------+-------++-------
Melee: Club              |    11 |       ||    11
       Tailslap          |     5 |     1 ||     6
       Unarmed           |     1 |       ||     1
       Long sword        |    20 |       ||    20
       Morningstar       |       |     8 ||     8
 Cast: Magic Dart        |    67 |    46 ||   113
       Searing Ray       |     5 |     4 ||     9
       Call Imp          |       |     1 ||     1
  Use: Scroll            |     3 |       ||     3
       Potion            |     1 |     1 ||     2
Armor: Skin              |    23 |     2 ||    25
Dodge: Dodged            |    23 |     4 ||    27

Table legend: (Time is in decaauts)
 A = Elapsed time spent in this place.
 B = Non-inter-level travel time spent in this place.
 C = Inter-level travel time spent in this place.
 D = Time resting spent in this place.
 E = Time spent auto-exploring this place.
 F = Levels seen in this place.
 G = Mean time per level.
                   A        B        C        D        E       F      G
               +--------+--------+--------+--------+--------+-----+--------+
         Total |   2612 |   2592 |     20 |   1122 |   1073 |   3 |  870.7 |
       Dungeon |   2612 |   2592 |     20 |   1122 |   1073 |   3 |  870.7 |
               +--------+--------+--------+--------+--------+-----+--------+

Top non-repeatable levels by time:
     D:1: 1137 daAuts
     D:2: 877 daAuts
     D:3: 597 daAuts
